| TOP OF THE 1ST |
|
Burlington Bees batting - Pitching for Lexington Legends : RHP Phil Kellum
|
|
Pitching: RHP Phil Kellum
|
|
|
Batting: RHB Sean Rocha
|
0-0: Ball 1-0: Ball 2-0: Swinging Strike 2-1: Called Strike 2-2: Ball 3-2: Base on Balls
|
|
Batting: RHB Peter Westover
|
0-0: Called Strike Sean Rocha steals 2nd base (no throw) 0-1: Called Strike 0-2: Ball 1-2: Ball 2-2: Foul Ball, location: 2F 2-2: Foul Ball, location: 2F 2-2: Ball 3-2: Base on Balls
|
|
Batting: LHB Jamie Diebel
|
0-0: Ball 1-0: Ball 2-0: Ball Passed Ball! Sean Rocha to third Peter Westover to second 3-0: Called Strike 3-1: Fly out, F9 (Flyball, 89M, EV 92.5 MPH) Runner from 3rd tags up, OUT at HOME! 9-2 Peter Westover to third
|
|
Pitching: RHP Josh Rutledge
|
|
|
Batting: RHB Dan Thomey
|
0-0: Ball 1-0: Swinging Strike 1-1: Ball Passed Ball! Peter Westover scores 2-1: Ball 3-1: Base on Balls
|
|
Batting: RHB Dan Burkhart
|
0-0: Ball Dan Thomey steals 2nd, throwing error, E2 Dan Thomey to third 1-0: Ground out 4-3 (Groundball, 4M, EV 103.8 MPH)
|
| Top of the 1st over - 1 run, 0 hits, 1 error, 1 left on base; Burlington 1 - Lexington 0 |
| BOTTOM OF THE 1ST |
|
Lexington Legends batting - Pitching for Burlington Bees : RHP Chris DePalma
|
|
Pitching: RHP Chris DePalma
|
|
|
Batting: RHB Yi-lin Niu
|
0-0: Called Strike 0-1: Ball 1-1: Ball 2-1: Foul Ball, location: 2F 2-2: Foul Ball, location: 2F 2-2: Foul Ball, location: 2F 2-2: Foul Ball, location: 2F 2-2: SINGLE (Groundball, 56D, EV 98.8 MPH)
|
|
Batting: LHB Edgar Ortiz
|
0-0: Swinging Strike 0-1: Swinging Strike 0-2: Ball 1-2: Strikes out swinging
|
|
Batting: LHB Pablo Serrato
|
0-0: Called Strike 0-1: Ball 1-1: Foul Ball, location: 2F 1-2: Grounds into double play, 6-4-3 (Groundball, 6, EV 92.5 MPH)
|
| Bottom of the 1st over - 0 runs, 1 hit, 0 errors, 0 left on base; Burlington 1 - Lexington 0 |
| TOP OF THE 2ND |
|
Burlington Bees batting - Pitching for Lexington Legends : RHP Josh Rutledge
|
|
Batting: LHB Matthew Bale
|
0-0: Fly out, F9 (Flyball, 9LMF, EV 90.6 MPH)
|
|
Batting: RHB Rory Cobb
|
0-0: Ball 1-0: Foul Ball, location: 2F 1-1: Ball 2-1: Foul Ball, location: 2F 2-2: Ball 3-2: Fly out, F8 (Flyball, 8RM, EV 89.4 MPH)
|
|
Batting: RHB Phil Knox
|
0-0: Ground out 2-3 (Groundball, 15S, EV 66.9 MPH)
|
| Top of the 2nd over - 0 runs, 0 hits, 0 errors, 0 left on base; Burlington 1 - Lexington 0 |
| BOTTOM OF THE 2ND |
|
Lexington Legends batting - Pitching for Burlington Bees : RHP Chris DePalma
|
|
Batting: RHB Jesus Malave
|
0-0: Ball 1-0: Ball 2-0: Ball 3-0: Base on Balls
|
|
Batting: RHB Phil Hamby
|
0-0: Called Strike 0-1: Called Strike 0-2: Strikes out swinging
|
|
Batting: SHB Bill Ertl
|
0-0: Ball 1-0: Swinging Strike 1-1: Swinging Strike Jesus Malave is caught stealing 2nd base 2-6 1-2: Ball 2-2: Foul Ball, location: 2F 2-2: Strikes out swinging
|
| Bottom of the 2nd over - 0 runs, 0 hits, 0 errors, 0 left on base; Burlington 1 - Lexington 0 |
| TOP OF THE 3RD |
|
Burlington Bees batting - Pitching for Lexington Legends : RHP Josh Rutledge
|
|
Batting: RHB Malachi Ephron
|
0-0: Ball 1-0: Foul Ball, location: 2F 1-1: Ground out 1-3 (Groundball, 15S, EV 66.9 MPH)
|
|
Batting: RHB Sean Rocha
|
0-0: Ball 1-0: SINGLE (Groundball, 56, EV 104.4 MPH) (infield hit)
|
|
Batting: RHB Peter Westover
|
0-0: Called Strike Sean Rocha is caught stealing 2nd base 2-4 0-1: SOLO HOME RUN (Line Drive, 7D, EV 102.5 MPH), Distance : 377 ft
|
|
Batting: LHB Jamie Diebel
|
0-0: Ground out 6-3 (Groundball, 6M, EV 105.6 MPH)
|
| Top of the 3rd over - 1 run, 2 hits, 0 errors, 0 left on base; Burlington 2 - Lexington 0 |
| BOTTOM OF THE 3RD |
|
Lexington Legends batting - Pitching for Burlington Bees : RHP Chris DePalma
|
|
Batting: RHB Pat McCoy
|
0-0: Ball 1-0: Called Strike 1-1: Called Strike 1-2: Ball 2-2: Foul Ball, location: 2F 2-2: DOUBLE (Line Drive, 89XD, EV 101.9 MPH)
|
|
Batting: RHB Justin Goff
|
0-0: Ball 1-0: Ball 2-0: Fly out, F8 (Flyball, 78M, EV 90.0 MPH)
|
|
Batting: RHB Nate De Jongh
|
0-0: Called Strike 0-1: Ball 1-1: Fly out, F7 (Line Drive, 7, EV 107.5 MPH)
|
|
Batting: RHB Yi-lin Niu
|
0-0: Called Strike 0-1: Ball 1-1: Ball 2-1: Foul Ball, location: 2F 2-2: Ball 3-2: Foul Ball, location: 2F 3-2: Ground out 6-3 (Groundball, 6S, EV 63.8 MPH)
|
| Bottom of the 3rd over - 0 runs, 1 hit, 0 errors, 1 left on base; Burlington 2 - Lexington 0 |
| TOP OF THE 4TH |
|
Burlington Bees batting - Pitching for Lexington Legends : RHP Josh Rutledge
|
|
Batting: RHB Dan Thomey
|
0-0: Ball 1-0: Ground out 6-3 (Groundball, 6, EV 106.9 MPH)
|
|
Batting: RHB Dan Burkhart
|
0-0: Ball 1-0: SINGLE (Line Drive, 5D, EV 95.0 MPH)
|
|
Batting: LHB Matthew Bale
|
0-0: Ball 1-0: Ball 2-0: Called Strike 2-1: Grounds into double play, 6-4-3 (Groundball, 6M, EV 90.0 MPH)
|
| Top of the 4th over - 0 runs, 1 hit, 0 errors, 0 left on base; Burlington 2 - Lexington 0 |
| BOTTOM OF THE 4TH |
|
Lexington Legends batting - Pitching for Burlington Bees : RHP Chris DePalma
|
|
Batting: LHB Edgar Ortiz
|
0-0: Ball 1-0: Ball 2-0: Called Strike 2-1: Ground out 4-3 (Groundball, 4, EV 98.1 MPH)
|
|
Batting: LHB Pablo Serrato
|
0-0: Foul Ball, location: 2F 0-1: Ball 1-1: Ground out U3 (Groundball, 3L, EV 106.2 MPH)
|
|
Batting: RHB Jesus Malave
|
0-0: Called Strike 0-1: Called Strike 0-2: Ball 1-2: Ball 2-2: SINGLE (Flyball, 8LS, EV 85.6 MPH)
|
|
Batting: RHB Phil Hamby
|
0-0: Ball 1-0: Called Strike Jesus Malave is caught stealing 2nd base 2-4
|
| Bottom of the 4th over - 0 runs, 1 hit, 0 errors, 0 left on base; Burlington 2 - Lexington 0 |
| TOP OF THE 5TH |
|
Burlington Bees batting - Pitching for Lexington Legends : RHP Josh Rutledge
|
|
Batting: RHB Rory Cobb
|
0-0: Ball 1-0: Fly out, F8 (Flyball, 89D, EV 81.2 MPH)
|
|
Batting: RHB Phil Knox
|
0-0: Called Strike 0-1: SINGLE (Groundball, 6D, EV 101.2 MPH)
|
|
Batting: RHB Malachi Ephron
|
0-0: Ball Phil Knox is caught stealing 2nd base 2-4 1-0: Foul Ball, location: 2F 1-1: Ball 2-1: Ball 3-1: Base on Balls
|
|
Batting: RHB Sean Rocha
|
0-0: Ball 1-0: Ball 2-0: Foul Ball, location: 2F 2-1: DOUBLE (Flyball, 8RXD, EV 97.5 MPH) Malachi Ephron to third
|
|
Pitching: LHP Butch Ott
|
|
|
Batting: RHB Peter Westover
|
0-0: Ball 1-0: Foul Ball, location: 2F 1-1: Fly out, F3 (Popup, 3SF, EV 73.1 MPH)
|
| Top of the 5th over - 0 runs, 2 hits, 0 errors, 2 left on base; Burlington 2 - Lexington 0 |
| BOTTOM OF THE 5TH |
|
Lexington Legends batting - Pitching for Burlington Bees : RHP Chris DePalma
|
|
Batting: RHB Phil Hamby
|
0-0: Ball 1-0: Swinging Strike 1-1: Foul Ball, location: 2F 1-2: Strikes out swinging
|
|
Batting: SHB Bill Ertl
|
0-0: Ball 1-0: Fly out, F5 (Popup, 5S, EV 78.1 MPH)
|
|
Batting: RHB Pat McCoy
|
0-0: Ball 1-0: Foul Ball, location: 2F 1-1: Ground out 5-3 (Groundball, 56, EV 100.6 MPH)
|
| Bottom of the 5th over - 0 runs, 0 hits, 0 errors, 0 left on base; Burlington 2 - Lexington 0 |
| TOP OF THE 6TH |
|
Burlington Bees batting - Pitching for Lexington Legends : LHP Butch Ott
|
|
Batting: LHB Jamie Diebel
|
0-0: Ball 1-0: Ball 2-0: Foul Ball, location: 2F 2-1: Foul Ball, location: 2F 2-2: Foul Ball, location: 2F 2-2: Foul Ball, location: 2F 2-2: Foul Ball, location: 2F 2-2: Ball 3-2: Base on Balls
|
|
Batting: RHB Dan Thomey
|
0-0: Called Strike 0-1: Ball 1-1: Foul Ball, location: 2F 1-2: Fly out, F7 (Flyball, 7S, EV 81.2 MPH)
|
|
Batting: RHB Dan Burkhart
|
0-0: Ball 1-0: Ball 2-0: Fly out, F4 (Popup, 13, EV 76.2 MPH)
|
|
Pitching: RHP Tony Jimenez
|
|
|
Batting: LHB Matthew Bale
|
0-0: Ground out 1-3 (Groundball, 13S, EV 73.1 MPH)
|
| Top of the 6th over - 0 runs, 0 hits, 0 errors, 1 left on base; Burlington 2 - Lexington 0 |
| BOTTOM OF THE 6TH |
|
Lexington Legends batting - Pitching for Burlington Bees : RHP Chris DePalma
|
|
Batting: RHB Justin Goff
|
0-0: Foul Ball, location: 2F 0-1: Ball 1-1: Foul Ball, location: 2F 1-2: Fly out, F8 (Flyball, 8RD, EV 100.6 MPH)
|
|
Batting: RHB Nate De Jongh
|
0-0: SINGLE (Groundball, 4S, EV 70.0 MPH) (infield hit)
|
|
Batting: RHB Yi-lin Niu
|
0-0: Called Strike 0-1: SINGLE (Line Drive, 34, EV 96.9 MPH) Nate De Jongh to second
|
|
Batting: LHB Edgar Ortiz
|
0-0: SINGLE (Groundball, 56S, EV 67.5 MPH) (infield hit) Nate De Jongh to third Yi-lin Niu to second
|
|
Batting: LHB Pablo Serrato
|
0-0: Ball 1-0: Ball 2-0: Ball 3-0: Base on Balls Nate De Jongh scores Yi-lin Niu to third Edgar Ortiz to second
|
|
Batting: RHB Jesus Malave
|
0-0: Ball 1-0: Foul Ball, location: 2F 1-1: Ball 2-1: Called Strike 2-2: Ball 3-2: Base on Balls Yi-lin Niu scores Edgar Ortiz to third Pablo Serrato to second
|
|
Batting: RHB Phil Hamby
|
0-0: Called Strike 0-1: Swinging Strike 0-2: Ball 1-2: Ball 2-2: Grounds into fielders choice 5-2 (Groundball, 5, EV 89.4 MPH) Pablo Serrato to third Jesus Malave to second
|
|
Pitching: LHP Mark Sanders
|
|
|
Batting: SHB Bill Ertl
|
0-0: Ball 1-0: Ground out 4-3 (Groundball, 4, EV 84.4 MPH)
|
| Bottom of the 6th over - 2 runs, 3 hits, 0 errors, 3 left on base; Burlington 2 - Lexington 2 |
| TOP OF THE 7TH |
|
Burlington Bees batting - Pitching for Lexington Legends : RHP Tony Jimenez
|
|
Batting: RHB Rory Cobb
|
0-0: Ball 1-0: Ball 2-0: Foul Ball, location: 2F 2-1: Foul Ball, location: 2F 2-2: Ball 3-2: Foul Ball, location: 2F 3-2: Base on Balls
|
|
Batting: RHB Phil Knox
|
0-0: Ball 1-0: Called Strike 1-1: Ball 2-1: Ball 3-1: Foul Ball, location: 2F 3-2: Base on Balls Rory Cobb to second
|
|
Batting: RHB Malachi Ephron
|
0-0: Ball 1-0: Called Strike 1-1: Ball 2-1: Foul Ball, location: 2F 2-2: Ball 3-2: DOUBLE (Line Drive, 7LS, EV 93.8 MPH) Rory Cobb scores Phil Knox to third
|
|
Pitching: LHP Tyler Abraham
|
|
|
Batting: RHB Sean Rocha
|
0-0: Foul Ball, location: 2F 0-1: Ball 1-1: Swinging Strike 1-2: Ball 2-2: Foul Ball, location: 2F 2-2: Foul Ball, location: 2F 2-2: Ground out 4-3 (Groundball, 4, EV 88.8 MPH)
|
|
Batting: RHB Peter Westover
|
0-0: Ball 1-0: Ball 2-0: 3-RUN HOME RUN (Flyball, 7D, EV 105.6 MPH), Distance : 408 ft
|
|
Batting: LHB Jamie Diebel
|
0-0: Ball 1-0: Ball 2-0: DOUBLE (Line Drive, 9LM, EV 109.4 MPH)
|
|
Batting: RHB Dan Thomey
|
0-0: Ball 1-0: Ball 2-0: Ball 3-0: Called Strike 3-1: Foul Ball, location: 2F 3-2: Base on Balls
|
|
Pitching: RHP Kolenka Leschenya
|
|
|
Batting: RHB Dan Burkhart
|
0-0: Called Strike 0-1: Swinging Strike 0-2: Ball 1-2: Ball 2-2: Ball 3-2: Foul Ball, location: 2F 3-2: Base on Balls Jamie Diebel to third Dan Thomey to second
|
|
Batting: LHB Matthew Bale
|
0-0: Called Strike 0-1: Fielders Choice at 2nd, 4-6 (Groundball, 4, EV 106.2 MPH) Jamie Diebel scores Dan Thomey to third
|
|
Batting: RHB Rory Cobb
|
0-0: Ball 1-0: Foul Ball, location: 2F 1-1: Foul Ball, location: 2F 1-2: Strikes out looking
|
| Top of the 7th over - 5 runs, 3 hits, 0 errors, 2 left on base; Burlington 7 - Lexington 2 |
| BOTTOM OF THE 7TH |
|
Lexington Legends batting - Pitching for Burlington Bees : LHP Mark Sanders
|
|
Batting: RHB Pat McCoy
|
0-0: Ball 1-0: Ball 2-0: Ball 3-0: Base on Balls
|
|
Batting: RHB Justin Goff
|
0-0: Ball 1-0: Swinging Strike Pat McCoy steals 2nd base 1-1: SINGLE (Groundball, P, EV 86.9 MPH) (infield hit) Pat McCoy to third
|
|
Batting: RHB Nate De Jongh
|
0-0: Foul Ball, location: 2F 0-1: Foul Ball, location: 2F 0-2: Strikes out swinging
|
|
Batting: RHB Yi-lin Niu
|
0-0: DOUBLE (Line Drive, 78XD, EV 105.0 MPH) Pat McCoy scores Justin Goff to third
|
|
Batting: LHB Edgar Ortiz
|
0-0: Ball 1-0: Foul Ball, location: 2F 1-1: Called Strike 1-2: Ground out 6-3 (Groundball, 6, EV 88.1 MPH) Justin Goff scores Yi-lin Niu to third
|
|
Batting: LHB Pablo Serrato
|
0-0: Ball 1-0: Ball 2-0: Foul Ball, location: 2F 2-1: Ball 3-1: Foul Ball, location: 2F 3-2: Fly out, F7 (Flyball, 78M, EV 83.1 MPH)
|
| Bottom of the 7th over - 2 runs, 2 hits, 0 errors, 1 left on base; Burlington 7 - Lexington 4 |
| TOP OF THE 8TH |
|
Burlington Bees batting - Pitching for Lexington Legends : RHP Kolenka Leschenya
|
|
Pitching: RHP Greg Sell
|
|
|
Batting: RHB Phil Knox
|
0-0: Foul Ball, location: 2F 0-1: Called Strike 0-2: Ball 1-2: Strikes out looking
|
|
Batting: RHB Malachi Ephron
|
0-0: Ball 1-0: Called Strike 1-1: Foul Ball, location: 2F 1-2: Fly out, F9 (Flyball, 89S, EV 85.6 MPH)
|
|
Batting: RHB Sean Rocha
|
0-0: Foul Ball, location: 2F 0-1: Swinging Strike 0-2: Strikes out swinging
|
| Top of the 8th over - 0 runs, 0 hits, 0 errors, 0 left on base; Burlington 7 - Lexington 4 |
| BOTTOM OF THE 8TH |
|
Lexington Legends batting - Pitching for Burlington Bees : LHP Mark Sanders
|
|
Pitching: RHP Simon Vogel
|
|
|
Batting: RHB Jesus Malave
|
0-0: Called Strike 0-1: Foul Ball, location: 2F 0-2: Ball 1-2: Ground out 5-3 (Groundball, 56S, EV 88.8 MPH)
|
|
Batting: RHB Phil Hamby
|
0-0: Ground out 6-3 (Groundball, 6, EV 93.8 MPH)
|
|
Batting: SHB Bill Ertl
|
0-0: Ball 1-0: Ball 2-0: SINGLE (Groundball, 13S, EV 71.9 MPH) (infield hit)
|
|
Batting: RHB Pat McCoy
|
0-0: Ball 1-0: Foul Ball, location: 2F 1-1: Foul Ball, location: 2F 1-2: Ball 2-2: Foul Ball, location: 2F 2-2: Ball 3-2: Base on Balls Bill Ertl to second
|
|
Batting: RHB Justin Goff
|
0-0: Foul Ball, location: 2F 0-1: Fielders Choice at 2nd, 6-4 (Groundball, 6, EV 85.6 MPH)
|
| Bottom of the 8th over - 0 runs, 1 hit, 0 errors, 2 left on base; Burlington 7 - Lexington 4 |
| TOP OF THE 9TH |
|
Burlington Bees batting - Pitching for Lexington Legends : RHP Greg Sell
|
|
Batting: RHB Peter Westover
|
0-0: Called Strike 0-1: Ball 1-1: Called Strike 1-2: Ball 2-2: Ground out 6-3 (Groundball, 56, EV 109.4 MPH)
|
|
Batting: LHB Jamie Diebel
|
0-0: Called Strike 0-1: Foul Ball, location: 2F 0-2: Ball 1-2: SINGLE (Line Drive, 9S, EV 103.1 MPH)
|
|
Pitching: RHP Gary Ackerman
|
|
|
Batting: RHB Dan Thomey
|
Pickoff Throw to First - Out! 1-3 0-0: Ball 1-0: Ball 2-0: Called Strike 2-1: Ball 3-1: SINGLE (Groundball, 56D, EV 99.4 MPH)
|
|
Batting: RHB Dan Burkhart
|
0-0: Hit by Pitch Dan Thomey to second
|
|
Batting: LHB Matthew Bale
|
0-0: Called Strike 0-1: Ball 1-1: Ball 2-1: SINGLE (Groundball, 25, EV 68.8 MPH) (infield hit) Dan Thomey to third Dan Burkhart to second
|
|
Batting: RHB Rory Cobb
|
0-0: Called Strike 0-1: Swinging Strike 0-2: Ball 1-2: Strikes out looking
|
| Top of the 9th over - 0 runs, 3 hits, 0 errors, 3 left on base; Burlington 7 - Lexington 4 |
| BOTTOM OF THE 9TH |
|
Lexington Legends batting - Pitching for Burlington Bees : RHP Simon Vogel
|
|
Pitching: RHP Josh Reynolds
|
|
|
Batting: RHB Nate De Jongh
|
0-0: Called Strike 0-1: Fly out, F6 (Line Drive, 6, EV 66.9 MPH)
|
|
Batting: RHB Yi-lin Niu
|
0-0: Ball 1-0: Swinging Strike 1-1: Ground out 5-3 (Groundball, 5D, EV 81.9 MPH)
|
|
Batting: LHB Edgar Ortiz
|
0-0: Swinging Strike 0-1: Ball 1-1: Called Strike 1-2: Ball 2-2: Ball 3-2: Base on Balls
|
|
Batting: LHB Pablo Serrato
|
0-0: Ball Wild Pitch! Edgar Ortiz to second 1-0: Called Strike 1-1: Ground out U3 (Groundball, 3, EV 80.6 MPH)
|
| Bottom of the 9th over - 0 runs, 0 hits, 0 errors, 1 left on base; Burlington 7 - Lexington 4 |
|